 Dungeon Crawl Stone Soup version 0.22.1-2-g9c5b331 (webtiles) character file.

179 Malhgor the Magician (level 5, 0/37 HPs)
             Began as a Gnoll Wizard on Dec 2, 2018.
             Killed from afar by an orc wizard (4 damage)
             ... with a puff of flame
             ... on level 3 of the Dungeon.
             The game lasted 00:13:59 (2875 turns).

Malhgor the Magician (Gnoll Wizard)                 Turns: 2875, Time: 00:14:00

Health: 0/37       AC:  2    Str:  9    XL:     5   Next: 59%
Magic:  4/14       EV: 14    Int: 21    God:
Gold:   140        SH:  0    Dex: 14    Spells: 7/18 levels left

rFire    . . .     SeeInvis .   l - +0 mace
rCold    . . .     Gourm    .   (no shield)
rNeg     . . .     Faith    .   v - +0 robe
rPois    .         Spirit   .   b - +0 hat
rElec    .         Reflect  .   (no cloak)
rCorr    .         Harm     .   (no gloves)
MR       .....                  (no boots)
Stlth    +++.......             (no amulet)
HPRegen  0.12/turn              (no ring)
MPRegen  0.14/turn              (no ring)

@: no status effects
A: distributed training, fangs 1, strong nose
a: no special abilities


You were on level 3 of the Dungeon.
You were not hungry.

You visited 1 branch of the dungeon, and saw 4 of its levels.

You collected 140 gold pieces.

Inventory:

Hand Weapons
 l - a +0 mace (weapon)
Armour
 a - a +0 robe
 b - a +0 hat (worn)
 t - a +0 robe
 v - a +0 robe (worn)
Jewellery
 h - an uncursed ring of protection from cold {unknown}
Scrolls
 g - a scroll of random uselessness {unknown}
 j - 3 scrolls of teleportation {unknown}
 k - a scroll of fog {unknown}
 m - 3 scrolls of identify {unknown}
 n - a scroll of immolation {unknown}
 o - a scroll of remove curse {unknown}
 r - a scroll of enchant weapon {unknown}
 u - a scroll of fear {unknown}
Potions
 c - 2 potions of might {unknown}
 e - 5 potions of heal wounds {unknown}
 f - a potion of curing {unknown}
 p - 2 potions of lignification {unknown}
 q - a potion of cancellation {unknown}
 s - 3 potions of resistance {unknown}
 w - a potion of ambrosia {unknown}
Comestibles
 d - 4 rations
 i - 2 chunks of flesh


   Skills:
 + Level 1.5 Fighting
 + Level 1.5 Short Blades
 + Level 1.5 Long Blades
 + Level 1.5 Axes
 + Level 1.5 Maces & Flails
 + Level 1.5 Polearms
 + Level 1.5 Staves
 + Level 1.5 Slings
 + Level 1.5 Bows
 + Level 1.5 Crossbows
 + Level 1.5 Throwing
 + Level 1.5 Armour
 + Level 4.8 Dodging
 + Level 4.4 Stealth
 + Level 1.5 Shields
 + Level 1.5 Unarmed Combat
 + Level 7.3 Spellcasting
 + Level 2.4 Conjurations
 + Level 1.2 Hexes
 + Level 1.2 Charms
 + Level 2.4 Summonings
 + Level 1.2 Necromancy
 + Level 2.4 Translocations
 + Level 1.2 Transmutations
 + Level 1.2 Fire Magic
 + Level 1.2 Ice Magic
 + Level 1.2 Air Magic
 + Level 1.2 Earth Magic
 + Level 1.2 Poison Magic
 + Level 1.7 Invocations
 + Level 1.5 Evocations


You had 7 spell levels left.
You knew the following spells:

 Your Spells              Type           Power        Failure   Level  Hunger
a - Magic Dart            Conj           ###.         3%          1    None
b - Blink                 Tloc           N/A          4%          2    None
c - Call Imp              Summ           ###.....     4%          2    None
d - Conjure Flame         Conj/Fire      ###.....     12%         3    None
e - Mephitic Cloud        Conj/Pois/Air  ##......     13%         3    None

Your spell library contained the following spells:

 Spells                   Type           Power        Failure   Level  Hunger
 Apportation              Tloc           ###...       3%          1    None
 Summon Small Mammal      Summ           ###.         3%          1    None
 Animate Skeleton         Necr           N/A          5%          1    None
 Beastly Appendage        Tmut           ##....       5%          1    None
 Confusing Touch          Hex            ##....       5%          1    None
 Slow                     Hex            ##......     8%          2    None
 Sticks to Snakes         Tmut           ##......     8%          2    None
 Spider Form              Tmut/Pois      ##........   16%         3    None
 Ice Form                 Ice/Tmut       ##......     45%         4    ###....
 Blade Hands              Tmut           ##........   82%         5    #####..


Dungeon Overview and Level Annotations

Branches:
Dungeon (4/15)
 Temple: D:4-7

Altars:

Annotations:
D:1 Done
D:2 Done


Innate Abilities, Weirdness & Mutations

Your experience applies equally to all skills.
You have very sharp teeth.
Your uncanny sense of smell can sniff out nearby items.


Message History

* * * LOW HITPOINT WARNING * * *
Something hits you but does no damage.
Casting: Magic Dart (safe; 3% risk of failure)
Confirm with . or Enter, or press ? or * to list all spells.
You blink.
Casting: Blink (safe; 4% risk of failure)
Confirm with . or Enter, or press ? or * to list all spells.
You blink.
You open the door.
Casting: Blink (safe; 4% risk of failure)
Confirm with . or Enter, or press ? or * to list all spells.
Aiming: Magic Dart (safe; 3% risk of failure)
Press: ? - help, Shift-Dir - straight line, f/p - orc priest
Aim: an orc priest, wearing a leather armour (almost dead)
The magic dart hits the orc priest.
You kill the orc priest!
There is an open door here.
A puff of flame appears from out of thin air!
The puff of flame hits you!
You die...

.................##
.....##)#....##...#
#######.#.#####.#.##
##......#.#####....#
...######........#.#
# ...#
##.(.[##..)#.# ...#
+....'o.....# ...#
#....##....## ...#
#....##@#..# ...#
#....##.#..# ...#
#....##.#..# ...#
#....##.. ...#
#....#### ##.#
###### ##.# ...#
####


You could see an orc.

Vanquished Creatures
  A hound (D:3)
  An orc priest (D:3)
  Jessica (D:2)
  5 adders
  2 worms (D:2)
  A dart slug (D:2)
  2 leopard geckos
  An orc (D:3)
  3 goblins
  7 hobgoblins
  A jackal (D:1)
  6 kobolds
  2 quokkas (D:2)
  4 bats
  4 frilled lizards
  5 rats
46 creatures vanquished.

Notes
Turn   | Place    | Note
-------+----------+-------------------------------------------
     0 | D:1      | Malhgor the Gnoll Wizard began the quest for the Orb.
     0 | D:1      | Reached XP level 1. HP: 13/13 MP: 8/8
   421 | D:1      | Reached XP level 2. HP: 19/19 MP: 3/10
   511 | D:1      | Learned a level 2 spell: Blink
   514 | D:1      | Learned a level 2 spell: Call Imp
  1047 | D:2      | Reached XP level 3. HP: 25/25 MP: 3/11
  1122 | D:2      | Learned a level 3 spell: Conjure Flame
  1126 | D:2      | Learned a level 3 spell: Mephitic Cloud
  1144 | D:2      | Reached skill level 1 in Invocations
  1702 | D:2      | Reached skill level 1 in Fighting
  1702 | D:2      | Reached skill level 1 in Short Blades
  1702 | D:2      | Reached skill level 1 in Long Blades
  1702 | D:2      | Reached skill level 1 in Axes
  1702 | D:2      | Reached skill level 1 in Maces & Flails
  1702 | D:2      | Reached skill level 1 in Polearms
  1702 | D:2      | Reached skill level 1 in Staves
  1702 | D:2      | Reached skill level 1 in Slings
  1702 | D:2      | Reached skill level 1 in Bows
  1702 | D:2      | Reached skill level 1 in Crossbows
  1702 | D:2      | Reached skill level 1 in Throwing
  1702 | D:2      | Reached skill level 1 in Armour
  1702 | D:2      | Reached skill level 1 in Shields
  1702 | D:2      | Reached skill level 1 in Unarmed Combat
  1702 | D:2      | Reached skill level 1 in Evocations
  1790 | D:2      | Noticed Jessica
  1803 | D:2      | Killed Jessica
  1803 | D:2      | Reached XP level 4. HP: 12/32 MP: 7/13
  2127 | D:2      | Reached skill level 1 in Hexes
  2127 | D:2      | Reached skill level 1 in Charms
  2127 | D:2      | Reached skill level 1 in Necromancy
  2127 | D:2      | Reached skill level 1 in Transmutations
  2127 | D:2      | Reached skill level 1 in Fire Magic
  2127 | D:2      | Reached skill level 1 in Ice Magic
  2127 | D:2      | Reached skill level 1 in Air Magic
  2127 | D:2      | Reached skill level 1 in Earth Magic
  2127 | D:2      | Reached skill level 1 in Poison Magic
  2715 | D:3      | Reached XP level 5. HP: 37/37 MP: 11/14
  2875 | D:3      | Killed from afar by an orc wizard

Skill      XL: |  1  2  3  4 |
---------------+-------------+-----
Conjurations   | 2 |  2.4
Summonings     | 2 |  2.4
Translocations | 2 |  2.4
Invocations    | 1 |  1.7
Fighting       | 1 |  1.5
Short Blades   | 1 |  1.5
Long Blades    | 1 |  1.5
Axes           | 1 |  1.5
Maces & Flails | 1 |  1.5
Polearms       | 1 |  1.5
Staves         | 1 |  1.5
Slings         | 1 |  1.5
Bows           | 1 |  1.5
Crossbows      | 1 |  1.5
Throwing       | 1 |  1.5
Armour         | 1 |  1.5
Shields        | 1 |  1.5
Unarmed Combat | 1 |  1.5
Evocations     | 1 |  1.5
Hexes          | 1 |  1.2
Charms         | 1 |  1.2
Necromancy     | 1 |  1.2
Transmutations | 1 |  1.2
Fire Magic     | 1 |  1.2
Ice Magic      | 1 |  1.2
Air Magic      | 1 |  1.2
Earth Magic    | 1 |  1.2
Poison Magic   | 1 |  1.2
Dodging        | |  4.8
Stealth        | |  4.4
Spellcasting   | |  7.3

Action                   |  1- 3 |  4- 6 || total
-------------------------+-------+-------++-------
Melee: Unarmed           |    20 |       ||    20
       Bite              |     3 |     1 ||     4
       Mace              |     9 |     6 ||    15
 Cast: Magic Dart        |    90 |    49 ||   139
       Call Imp          |     3 |       ||     3
       Conjure Flame     |     1 |       ||     1
       Blink             |       |     2 ||     2
  Eat: Chunk             |     3 |     3 ||     6
Armor: Robe              |     3 |     3 ||     6
Dodge: Dodged            |    36 |    16 ||    52
